 Dungeon Crawl Stone Soup version 0.29.1-12-g30fa7ad0bf (webtiles) character file.

Game seed: 7695288029685730703

7094 soggyman666 the Carver (level 10, -4/90 HPs)
             Began as a Minotaur Berserker on Dec 13, 2022.
             Was a High Priest of Trog.
             Slain by an orc warrior
             ... wielding a +0 glaive of protection
              (12 damage)
             ... on level 1 of the Orcish Mines.
             The game lasted 00:22:10 (9440 turns).

soggyman666 the Carver (Minotaur Berserker)         Turns: 9440, Time: 00:22:10

Health: -4/90      AC: 13    Str: 31    XL:     10   Next: 84%
Magic:  9/9        EV: 16    Int:  4    God:    Trog [*****.]
Gold:   368        SH:  0    Dex: 11    Spells: 9/9 levels left

rFire   . . .      SeeInvis .   b - +1 scimitar (holy)
rCold   . . .      Faith    .   (no shield)
rNeg    . . .      Spirit   .   e - +0 scale mail
rPois   .          Reflect  .   (helmet restricted)
rElec   .          Harm     .   k - +2 cloak {Stlth+}
rCorr   .          Rampage  .   t - +0 pair of gloves
Will    .....                   (no boots)
Stlth   +.........              (no amulet)
HPRegen 0.25/turn               f - +4 ring of evasion
MPRegen 0.11/turn               p - +6 ring of strength

@: no status effects
A: horns 2, retaliatory headbutt
a: Renounce Religion, Berserk, Trog's Hand, Brothers in Arms


You were on level 1 of the Orcish Mines.
You worshipped Trog.
Trog was extremely pleased with you.
You visited 2 branches of the dungeon, and saw 10 of its levels.
You also visited: Ossuary.

You collected 484 gold pieces.
You spent 116 gold pieces at shops.

Inventory:

Hand Weapons
 b - a +1 scimitar of holy wrath (weapon)
 s - a +2 dagger of flaming
 v - a +2 dagger of venom
 D - a +2 dagger of freezing
Armour
 e - a +0 scale mail (worn)
 k - a +2 cloak of stealth (worn)
 t - a +0 pair of gloves (worn)
Jewellery
 f - a +4 ring of evasion (left hand)
 l - a ring of protection from fire
 p - a +6 ring of strength (right hand)
Wands
 q - a wand of flame (16)
 y - a wand of light (2)
 C - a wand of mindburst (11)
Scrolls
 d - 7 scrolls of teleportation
 g - a scroll of fear
 m - a scroll of summoning
 o - 2 scrolls of vulnerability {unknown}
 u - 5 scrolls of blinking
 x - a scroll of butterflies
 z - a scroll of magic mapping {unknown}
 A - a scroll of enchant armour {unknown}
 B - a scroll of enchant weapon {unknown}
Potions
 c - 9 potions of curing
 h - 2 potions of haste
 j - a potion of resistance
 n - 4 potions of berserk rage
 r - 6 potions of heal wounds


   Skills:
 + Level 8.6 Fighting
 + Level 13.2 Long Blades
 + Level 8.8 Armour
 + Level 6.1 Dodging
 + Level 1.5 Stealth
 * Level 5.7 Evocations


You had 9 spell levels left.
You didn't know any spells.
Your spell library was empty.

Dungeon Overview and Level Annotations

Branches:
Dungeon (9/15)             Temple (0/1) D:5             Orc (1/2) D:9
Ossuary (visited)
   Lair: D:8-11

Altars:
Dithmenos
Elyvilon
Gozag
Makhleb
Sif Muna
Trog
Vehumet
Wu Jian
Yredelemnul
Zin
The Shining One

Shops:
D:7 *=:?   D:8 [

Annotations:
D:6 3 runed translucent doors, SphereBall's ghost, novice FoFi


Innate Abilities, Weirdness & Mutations

You have a pair of horns on your head.
You reflexively headbutt those who attack you in melee.


Message History

Unknown command.
You are too injured to fight recklessly!
Unknown command.
You are too injured to fight recklessly!
Unknown command.
You are too injured to fight recklessly!
Unknown command.
You are too injured to fight recklessly!
Unknown command.
You are too injured to fight recklessly!
The orc warrior misses you. The orc misses you.
There is a staircase back to the Dungeon here.
You see here a +3 great sword.
You hit the orc but do no damage. You headbutt the orc.
The orc is moderately wounded.
You hit the orc.
The orc is heavily wounded.
The orc warrior hits you from afar with a +0 glaive of protection!
The orc barely misses you. You furiously retaliate!
You headbutt the orc.
You kill the orc!
Trog accepts your kill.
Items here: ))))) [[[[[ ††.
The orc warrior hits you with a +0 glaive of protection!
* * * LOW HITPOINT WARNING * * *
There is a staircase back to the Dungeon here.
You see here a +3 great sword.
You hit the orc warrior but do no damage.
The orc warrior misses you. You furiously retaliate!
You headbutt the orc warrior, but do no damage.
You closely miss the orc warrior. You headbutt the orc warrior.
The orc warrior is moderately wounded.
The orc warrior hits you with a +0 glaive of protection!
* * * LOW HITPOINT WARNING * * *
You hit the orc warrior.
The orc warrior is moderately wounded.
You barely miss the orc warrior.
You headbutt the orc warrior, but do no damage.
The orc warrior is moderately wounded.
The orc warrior hits you with a +0 glaive of protection!
You die...

......##....$...
........#....$#..
.................
..........#.....
..#.#........>. #
............# ...
.......)...#.....
#...)@o.....$.
.......)))....$..
................#
.................
.................
...#.##.........#
#.... .........##
##.#.##.#......#


You could see an orc warrior.

Vanquished Creatures
  Pikel (D:5)
  Grinder (D:4)
  11 yaks
  4 water moccasins
  Duvessa (D:4)
  4 black bears
  5 ice beasts
  7 orc warriors
  A sky beast (D:7)
  An ogre (D:6)
  4 centaurs
  A phantom (D:4)
  3 elf zombies (Ossuary)
  3 kobold brigands
  Blork the orc (D:6)
  A bullfrog (D:8)
  3 necrophages
  2 scorpions (D:6)
  3 wights (D:9)
  Dowan (D:4)
  2 howler monkeys
  3 hounds
  A human zombie (Ossuary)
  3 jellies
  5 orc priests
  Crazy Yiuf (D:2)
  A gnoll bouda (D:5)
  10 orc wizards
  6 iguanas
  A hound zombie (Ossuary)
  4 mummies (Ossuary)
  9 adders
  3 gnolls (D:5)
  A white imp (D:7)
  5 ufetubi (D:5)
  2 adder zombies (Ossuary)
  A worm (D:2)
  3 dart slugs
  43 orcs
  7 ball pythons
  4 bats
  10 endoplasms
  3 giant cockroaches
  2 goblins
  12 hobgoblins
  2 jackals (D:3)
  4 quokkas
  2 frilled lizards
  2 goblin zombies (Ossuary)
  A hobgoblin zombie (Ossuary)
  A jackal zombie (Ossuary)
  17 kobolds
  An orc zombie (Ossuary)
  6 rats
236 creatures vanquished.

Vanquished Creatures (others)
  An orc wizard (D:9)
1 creature vanquished.

Grand Total: 237 creatures vanquished

Notes
Turn   | Place    | Note
-------+----------+-------------------------------------------
     0 | D:1      | soggyman666 the Minotaur Berserker began the quest for the
                  | Orb.
     0 | D:1      | Reached XP level 1. HP: 19/19 MP: 0/0
   141 | D:1      | Reached skill level 4 in Long Blades
   146 | D:1      | Reached XP level 2. HP: 25/27 MP: 1/1
   768 | D:2      | Found a runed translucent door.
   769 | D:2      | Noticed Crazy Yiuf
   872 | D:2      | Reached XP level 3. HP: 34/34 MP: 2/2
   910 | D:2      | Reached ** piety under Trog
  1037 | D:2      | Found a basalt altar of Yredelemnul.
  1292 | D:2      | Found a faded altar of an unknown god.
  1364 | D:2      | Killed Crazy Yiuf
  1365 | D:2      | Reached XP level 4. HP: 6/41 MP: 3/3
  1369 | D:2      | HP: 2/41 [poisoned by Crazy Yiuf]
  1800 | D:3      | Reached skill level 5 in Fighting
  1881 | D:3      | Reached skill level 5 in Long Blades
  2010 | D:3      | Found a shimmering blue altar of Sif Muna.
  2055 | D:3      | Found an ornate altar of the Wu Jian Council.
  2061 | D:3      | Found a radiant altar of Vehumet.
  2152 | D:3      | Reached XP level 5. HP: 48/48 MP: 4/4
  2233 | D:3      | Found a glowing silver altar of Zin.
  2233 | D:3      | Found a white marble altar of Elyvilon.
  2233 | D:3      | Found a glowing golden altar of the Shining One.
  2399 | D:4      | Reached *** piety under Trog
  2443 | D:4      | Reached skill level 6 in Long Blades
  2656 | D:4      | Reached XP level 6. HP: 54/56 MP: 5/5
  2857 | D:4      | Noticed Grinder
  2873 | D:4      | Paralysed by Grinder for 5 turns
  2881 | D:4      | Killed Grinder
  2882 | D:4      | Reached skill level 7 in Long Blades
  2882 | D:4      | Reached XP level 7. HP: 7/63 MP: 6/6
  3282 | D:4      | Noticed Duvessa
  3284 | D:4      | Noticed Dowan
  3306 | D:4      | Killed Duvessa
  3314 | D:4      | Killed Dowan
  3315 | D:4      | Reached skill level 1 in Evocations
  3332 | D:4      | Identified the +1 robe of the Serpent {Dex+4}
  3611 | D:5      | Entered Level 5 of the Dungeon
  3652 | D:5      | Reached skill level 8 in Long Blades
  3657 | D:5      | Reached skill level 5 in Armour
  3879 | D:5      | Found a basalt altar of Yredelemnul.
  3911 | D:5      | Reached XP level 8. HP: 66/71 MP: 7/7
  3956 | D:5      | Noticed Pikel
  3957 | D:5      | Reached skill level 1 in Stealth
  3966 | D:5      | Killed Pikel
  3966 | D:5      | Reached **** piety under Trog
  3967 | D:5      | Reached skill level 9 in Long Blades
  4141 | D:5      | Found a staircase to the Ecumenical Temple.
  4845 | D:6      | Reached XP level 9. HP: 66/79 MP: 8/8
  4939 | D:6      | Found a bloodstained altar of Trog.
  4988 | D:6      | Reached skill level 10 in Long Blades
  4997 | D:6      | Noticed Blork the orc
  5007 | D:6      | Killed Blork the orc
  5266 | D:6      | Found a runed translucent gate.
  5267 | D:6      | Found a runed translucent gate.
  5267 | D:6      | Found a runed translucent gate.
  5267 | D:6      | Found an opulent altar of Gozag.
  5799 | D:6      | Noticed SphereBall's ghost (novice FoFi)
  5857 | D:7      | Found Ocuxzek's Assorted Antiques.
  5866 | D:7      | Reached skill level 11 in Long Blades
  5890 | D:7      | Bought a scroll of identify for 44 gold pieces
  5985 | D:7      | Found Soexocegy's Jewellery Boutique.
  6004 | D:7      | Found a sand-covered staircase.
  6008 | Ossuary  | Entered an ossuary
  6065 | Ossuary  | Reached ***** piety under Trog
  6542 | D:7      | Reached XP level 10. HP: 36/88 MP: 9/9
  6543 | D:7      | Found Timucil's Book Shop.
  6910 | D:7      | Found Zunwyosent's Magic Scroll Boutique.
  6918 | D:7      | Bought a scroll of identify for 24 gold pieces
  6918 | D:7      | Bought a scroll of identify for 24 gold pieces
  6918 | D:7      | Bought a scroll of identify for 24 gold pieces
  6936 | D:7      | Found a burning altar of Makhleb.
  7370 | D:8      | Found a shadowy altar of Dithmenos.
  7470 | D:8      | Reached skill level 5 in Dodging
  7703 | D:8      | Reached skill level 5 in Evocations
  7713 | D:8      | Reached skill level 12 in Long Blades
  7949 | D:8      | Found Suynae Reli's Armour Shoppe.
  8821 | D:9      | Reached skill level 13 in Long Blades
  9037 | D:9      | Found a staircase to the Orcish Mines.
  9406 | Orc:1    | Entered Level 1 of the Orcish Mines
  9427 | Orc:1    | Received a gift from Trog
  9440 | Orc:1    | Slain by an orc warrior

Illustrated notes

Levels and vault maps discovered:
D:1:      lightli_arrival_flooded_house, layout_rooms
D:2:      layout_loops_ring, shapermc_ecumenical_altar_mp_highgroup,
          basic_altar, minmay_misc_feat_columns, uniq_crazy_yiuf_cottage
D:3:      layout_loops_ring, dreamdust_divine_triumvirate, marbit_many_paths,
          nicolae_overflow_hidden_temple
D:4:      layout_cave_pools, uniq_duvessa, uniq_grinder
D:5:      layout_loops_ring, mainiacjoe_overflow_alcove_2, temple_green,
          uniq_pikel
D:6:      layout_loops_cross, trog_three_pillars_becter, ebering_ghost_gozag,
          st_stairs_13, chequers_serial_rivers_micro_b, serial_bayou_crossing,
          uniq_blork_the_orc
D:7:      layout_loops_corners, lightli_temple_of_fire, serial_shops, shop,
          shop, shop, nicolae_stop_n_shop_1, enter_ossuary_5
D:8:      layout_rooms, general_overflow_altar, serial_shops, shop
D:9:      layout_cave_pods, david_orc_2
Orc:1:    layout_caves, serial_shops, shop, nicolae_shop_statue_plus

Skill      XL: |  1  2  3  4  5  6  7  8  9 10 |
---------------+-------------------------------+-----
Long Blades    | 4 5 6 7 8 9 11 13 | 13.2
Fighting       | 4 5 6 7 8 |  8.6
Armour         | 3 4 5 6 7 8 |  8.8
Dodging        | 3 4 6 |  6.1
Evocations     | 1 3 4 5 |  5.7
Stealth        | 1 |  1.5

Action                   |  1- 3 |  4- 6 |  7- 9 | 10-12 || total
-------------------------+-------+-------+-------+-------++-------
Melee: Falchion          |    20 |       |       |       ||    20
       Headbutt          |    11 |    16 |    61 |    48 ||   136
       Punch             |     1 |       |     3 |     1 ||     5
       Scimitar          |    51 |    95 |   277 |   191 ||   614
  Use: Scroll            |     3 |       |     7 |     5 ||    15
       Potion            |       |     1 |       |       ||     1
Armor: Animal skin       |     4 |       |       |       ||     4
       Scale mail        |    17 |    47 |    73 |    62 ||   199
Dodge: Dodged            |    45 |    67 |   208 |   164 ||   484
